 Dungeon Crawl Stone Soup version 0.25.1-2-g60ff931df9 (webtiles) character file.

Game seed: 8188870481750032385

17107 Johnny the Geomancer (level 11, -11/80 HPs)
             Began as a Demigod Earth Elementalist on Oct 25, 2020.
             Mangled by a two-headed ogre
             ... wielding a +0 giant club
              (18 damage)
             ... on level 12 of the Dungeon.
             The game lasted 00:15:05 (16348 turns).

Johnny the Geomancer (Demigod Earth Elementalist)  Turns: 16348, Time: 00:15:05

Health: -11/80     AC: 16    Str: 11    XL:     11   Next: 88%
Magic:  2/28       EV: 10    Int: 25    God:
Gold:   325        SH:  8    Dex: 16    Spells: 6/27 levels left

rFire    + + .     SeeInvis .   C - +10 demon blade of Action {vorpal, rPois rF++}
rCold    + . .     Gourm    .   p - +2 buckler {rC+}
rNeg     + . .     Faith    .   l - +4 ring mail {rN+}
rPois    +         Spirit   .   K - +1 helmet
rElec    .         Reflect  .   L - +0 cloak
rCorr    .         Harm     .   (no gloves)
MR       +....                  (no boots)
Stlth    +.........             (no amulet)
HPRegen  0.23/turn              o - +4 ring of protection
MPRegen  0.21/turn              D - ring of poison resistance

@: studying 2 skills, lightly drained
A: high mp 1
a: no special abilities


You were on level 12 of the Dungeon.
You were hungry.

You visited 1 branch of the dungeon, and saw 12 of its levels.

You collected 572 gold pieces.
You spent 247 gold pieces at shops.

Inventory:

Hand Weapons
 C - the +10 demon blade of Action (weapon) {vorpal, rPois rF++}
   (You took it off a centaur on level 8 of the Dungeon)

   It inflicts extra damage upon your enemies.
   It greatly protects you from fire.
   It protects you from poison.
Missiles
 G - 119 stones (quivered)
Armour
 i - a +0 kite shield
 l - a +4 ring mail of positive energy (worn)
 p - a +2 buckler of cold resistance (worn)
 u - a +0 leather armour of fire resistance
 K - a +1 helmet (worn)
 L - a +0 cloak (worn)
Jewellery
 c - an uncursed ring of resist corrosion
 o - a +4 ring of protection (left hand)
 B - an uncursed ring of protection from magic
 D - a ring of poison resistance (right hand)
Wands
 b - a wand of polymorph (17)
 e - a wand of iceblast (14)
 r - a wand of random effects (9)
 A - a wand of clouds (9)
 N - a wand of digging (4)
 O - a wand of flame (10)
Scrolls
 a - 3 scrolls of immolation
 g - 3 scrolls of fear
 j - 5 scrolls of teleportation
 q - 2 scrolls of blinking {unknown}
 s - 3 scrolls of random uselessness
 x - 6 scrolls of remove curse
 J - 4 scrolls of amnesia
Potions
 f - 3 potions of heal wounds {unknown}
 h - 6 potions of degeneration {unknown}
 k - 2 potions of haste {unknown}
 m - 5 potions of stabbing {unknown}
 n - 3 potions of ambrosia {unknown}
 t - 6 potions of lignification {unknown}
 w - 2 potions of magic {unknown}
 E - a potion of resistance {unknown}
 F - 2 potions of flight {unknown}
 H - a potion of brilliance {unknown}
 I - 3 potions of curing {unknown}
 M - a potion of cancellation {unknown}
Books
 y - a manual of Axes
 z - a manual of Fighting
Comestibles
 d - 31 rations


   Skills:
 + Level 2.3(2.0) Fighting
 - Level 1.7(1.4) Dodging
 - Level 1.7(1.4) Stealth
 + Level 8.4(8.0) Shields
 + Level 8.9(8.5) Spellcasting
 - Level 0.8(0.5) Transmutations
 * Level 13.2(12.8) Earth Magic


You had 6 spell levels left.
You knew the following spells:

 Your Spells              Type           Power        Failure   Level  Hunger
a - Sandblast             Erth           ######       1%          1    None
b - Stone Arrow           Conj/Erth      #####.       3%          3    None
c - Lee's Rapid Deconstr  Erth           ######....   1%          5    ####...
d - Petrify               Tmut/Erth      #####...     9%          4    ##.....
e - Controlled Blink      Tloc           N/A          100%        8    #######

Your spell library contained the following spells:

 Spells                   Type           Power        Failure   Level  Hunger
 Passwall                 Tmut/Erth      #####...     1%          2    None
 Beastly Appendage        Tmut           ##....       11%         1    None
 Animate Skeleton         Necr           N/A          14%         1    None
 Apportation              Tloc           ##....       14%         1    None
 Corona                   Hex            ##.....      14%         1    None
 Summon Small Mammal      Summ           ##..         14%         1    None
 Sticks to Snakes         Tmut           ##......     17%         2    None
 Spider Form              Tmut/Pois      ##........   36%         3    None
 Confusing Touch          Hex            ##......     38%         3    None
 Gell's Gravitas          Tloc           ##........   38%         3    None
 Portal Projectile        Hex/Tloc       ##....       38%         3    None
 Ice Form                 Ice/Tmut       ##......     77%         4    ##.....
 Blade Hands              Tmut           ##........   97%         5    ####...
 Metabolic Englaciation   Hex/Ice        ##........   98%         5    ####...
 Yara's Violent Unravell  Hex/Tmut       ##........   98%         5    ####...
 Dragon Form              Tmut           ##........   100%        7    #######


Dungeon Overview and Level Annotations

Branches:
Dungeon (12/15)            Temple (0/1) D:4            Lair (0/6) D:10
    Orc (0/2) D:10

Shops:
D:5 (   D:6 ***[}   D:7 *   D:12 :

Annotations:
D:12 Azrael


Innate Abilities, Weirdness & Mutations

You have an increased reservoir of magic. (+10% MP)


Message History

Unknown command.
You slash Azrael!
Azrael is heavily wounded.
Azrael hits you. You partially resist.
You feel drained. Azrael hits you!
* * * LOW HITPOINT WARNING * * *
You partially resist.
You feel drained.
* * * LOW HITPOINT WARNING * * *
Unknown command.
You hit Azrael.
Azrael is heavily wounded.
Azrael hits you!
* * * LOW HITPOINT WARNING * * *
Unknown command.
Your surroundings suddenly seem different.
A two-headed ogre comes into view.
It is wielding a +0 giant club and a -3 giant spiked club.
The two-headed ogre shouts in stereo!
The bullfrog zombie barely misses you.
You riposte.
You barely miss the bullfrog zombie. You block the two-headed ogre's attack.
The two-headed ogre hits you with a cursed -3 giant spiked club!!
You die...

#########
#...ZO..#
#%...@..#
#.......#
#.......#
#.....=(#
#.$.....#
#.......+
#.......#
####+####


You could see a two-headed ogre and a bullfrog zombie.

Vanquished Creatures
  Harold (D:9)
  Erica (D:8)
  2 two-headed ogres
  2 unseen horrors
  Pikel (D:6)
  2 ugly things
  A cyclops (D:11)
  Maurice (D:8)
  A hornet (D:10)
  2 trolls (D:8)
  Sigmund (D:3)
  A wyvern (D:10)
  A wraith (D:7)
  6 yaks
  The ghost of SkiLLzEr0 the Chopper, an amateur MiFi (D:3)
  4 fire elementals (D:12)
  2 hungry ghosts
  2 steam dragons
  Edmund (D:5)
  A water moccasin (D:8)
  4 hell hounds (D:12)
  3 ice beasts
  3 orc warriors
  4 sky beasts
  2 black bears
  A necrophage (D:11)
  A phantom (D:8)
  4 ogres
  5 centaurs
  5 crocodiles
  3 big kobolds
  7 bullfrogs
  8 killer bees
  2 scorpions
  12 wights
  4 howler monkeys
  A bullfrog zombie (D:5)
  5 crimson imps
  5 centaur skeletons
  5 centaur zombies
  2 gnoll shamans
  7 hounds
  5 jellies
  14 orc wizards
  A bullfrog skeleton (D:8)
  5 orc priests
  2 iguanas
  Natasha (twice) (D:3)
  8 worker ants
  A killer bee zombie (D:8)
  3 hound zombies
  A hound skeleton (D:4)
  A howler monkey zombie (D:10)
  12 gnolls
  A howler monkey skeleton (D:7)
  11 adders
  2 shadow imps
  7 oozes
  2 worms
  3 dart slugs
  4 leopard geckos
  47 orcs
  7 giant cockroaches
  5 goblins
  12 hobgoblins
  8 jackals
  15 kobolds
  5 quokkas
  5 bats
  A frilled lizard (D:1)
  A goblin skeleton (D:8)
  A goblin zombie (D:8)
  2 hobgoblin zombies (D:8)
  2 kobold skeletons (D:8)
  An orc skeleton (D:8)
  2 orc zombies (D:8)
  A quokka skeleton (D:7)
  2 quokka zombies
  10 rats
339 creatures vanquished.

Vanquished Creatures (others)
  A gnoll (D:6)
  2 adders (D:6)
  An orc (D:6)
4 creatures vanquished.

Grand Total: 343 creatures vanquished

Notes
Turn   | Place    | Note
-------+----------+-------------------------------------------
     0 | D:1      | Johnny the Demigod Earth Elementalist began the quest for
                  | the Orb.
     0 | D:1      | Reached XP level 1. HP: 14/14 MP: 5/5
   155 | D:1      | Reached skill level 3 in Earth Magic
   348 | D:1      | Reached XP level 2. HP: 17/20 MP: 7/7
  1462 | D:2      | Reached XP level 3. HP: 11/26 MP: 5/9
  2599 | D:3      | Reached skill level 4 in Earth Magic
  2660 | D:3      | Found a runed translucent gate.
  2660 | D:3      | Found a runed translucent gate.
  2660 | D:3      | Found a runed translucent gate.
  2661 | D:3      | Noticed a big kobold
  2661 | D:3      | Noticed SkiLLzEr0's ghost (amateur MiFi)
  2661 | D:3      | Noticed a big kobold
  2742 | D:3      | Reached XP level 4. HP: 26/33 MP: 10/10
  3380 | D:3      | Noticed Sigmund
  3396 | D:3      | Killed Sigmund
  3396 | D:3      | Reached skill level 5 in Earth Magic
  3396 | D:3      | Reached XP level 5. HP: 24/38 MP: 2/13
  3574 | D:3      | Noticed Natasha
  3583 | D:3      | Killed Natasha
  3630 | D:3      | Reached XP level 6. HP: 35/45 MP: 12/14
  3729 | D:3      | Noticed Natasha
  3740 | D:3      | Killed Natasha
  4205 | D:3      | Killed SkiLLzEr0's ghost
  4205 | D:3      | Reached skill level 6 in Earth Magic
  4231 | D:3      | Reached XP level 7. HP: 10/50 MP: 0/16
  4760 | D:4      | Found a shimmering altar of Xom.
  4761 | D:4      | Found a snail-covered altar of Cheibriados.
  4824 | D:4      | Found a staircase to the Ecumenical Temple.
  5405 | D:5      | Entered Level 5 of the Dungeon
  5416 | D:5      | Found a snail-covered altar of Cheibriados.
  5438 | D:5      | Noticed Edmund
  5459 | D:5      | Reached skill level 1 in Shields
  5459 | D:5      | Reached skill level 7 in Earth Magic
  5472 | D:5      | Killed Edmund
  5682 | D:5      | Found Xonwinyga's Weapon Shop.
  5711 | D:5      | Reached XP level 8. HP: 24/57 MP: 10/18
  5888 | D:5      | Bought 20 stones for 30 gold pieces
  6190 | D:5      | Reached skill level 5 in Spellcasting
  6477 | D:6      | Found Wurghuakk's Gadget Emporium.
  6590 | D:6      | Reached skill level 8 in Earth Magic
  6595 | D:6      | Learned a level 3 spell: Stone Arrow
  6601 | D:6      | Learned a level 5 spell: Lee's Rapid Deconstruction
  6606 | D:6      | Learned a level 4 spell: Petrify
  6774 | D:6      | Noticed Pikel
  6782 | D:6      | Killed Pikel
  6876 | D:6      | Found a stormy altar of Qazlal.
  7087 | D:6      | Reached skill level 9 in Earth Magic
  7148 | D:6      | Reached XP level 9. HP: 47/62 MP: 21/21
  7241 | D:6      | Found Omaryasox's Assorted Antiques.
  7358 | D:6      | Found Vosall's Antique Armour Boutique.
  7361 | D:6      | Bought a runed helmet for 195 gold pieces
  7391 | D:6      | Found Ichaylil's Assorted Antiques.
  7720 | D:6      | Found Toij's General Store.
  7726 | D:6      | Bought a scroll of identify for 22 gold pieces
  8111 | D:7      | Found Pemo's Assorted Antiques.
  8993 | D:7      | Reached skill level 5 in Shields
  8995 | D:7      | Reached skill level 10 in Earth Magic
  9345 | D:8      | Noticed a green ugly thing
  9351 | D:8      | Noticed a two-headed ogre
  9356 | D:7      | Killed a green ugly thing
  9485 | D:7      | Killed a two-headed ogre
  9485 | D:7      | Reached XP level 10. HP: 54/69 MP: 6/24
 10105 | D:8      | Reached skill level 11 in Earth Magic
 10110 | D:8      | Identified Sif Muna's Handbook of Transmigration and
                  | Displacement
 10120 | D:8      | Got a bloodstained crystal plate armour
 10187 | D:8      | Noticed Maurice
 10192 | D:8      | Killed Maurice
 10855 | D:8      | Identified the +10 demon blade of Action {vorpal, rPois
                  | rF++}
 11281 | D:8      | Found a glowing golden altar of the Shining One.
 11306 | D:8      | Noticed Erica
 11373 | D:8      | Killed Erica
 11888 | D:9      | Noticed Harold
 11895 | D:9      | Killed Harold
 12037 | D:9      | Identified the cursed +1 crystal plate armour "Aveyxtoz"
                  | {*Corrode rC++ rN+ MR+} (You found it on level 8 of the
                  | Dungeon)
 12687 | D:9      | Learned a level 8 spell: Controlled Blink
 12735 | D:10     | Entered Level 10 of the Dungeon
 12928 | D:10     | Reached XP level 11. HP: 71/74 MP: 25/27
 13108 | D:10     | Reached skill level 12 in Earth Magic
 13360 | D:10     | Found a staircase to the Orcish Mines.
 13404 | D:10     | Noticed a two-headed ogre
 13414 | D:10     | Killed a two-headed ogre
 13828 | D:10     | Killed an unseen horror
 14555 | D:10     | Found a staircase to the Lair.
 15619 | D:11     | Found a blossoming altar of Fedhas.
 15746 | D:11     | Killed an unseen horror
 15746 | D:11     | Reached skill level 13 in Earth Magic
 16082 | D:12     | Found Keokiomp's Book Emporium.
 16223 | D:12     | Reached skill level 1 in Fighting
 16331 | D:12     | Noticed Azrael
 16336 | D:12     | Noticed Azrael
 16336 | D:12     | Azrael changed into Azrael the soul eater
 16348 | D:12     | Noticed a two-headed ogre
 16348 | D:12     | Mangled by a two-headed ogre

Illustrated notes

Levels and vault maps discovered:
D:1:      psy_arrival_dodecagon, layout_loops_cross
D:2:      layout_loops_ring, first_ration, minmay_fractal_squares_gapless_5
D:3:      layout_loops_corners, gammafunk_ghost_nasty_kobolds, uniq_natasha,
          uniq_sigmund
D:4:      layout_loops_corners, nicolae_overflow_hidden_temple,
          minmay_temple_entry_purple_smoke
D:5:      layout_gridville, serial_shops, nicolae_shop_window_shopping,
          portal_sewer_entry_a, cheibriados_altar_1, uniq_edmund
D:6:      layout_gridville, serial_shops, shop_fountains, shop, shop,
          nicolae_shop_trees, kennysheep_mini_moat, grunt_qazlal_clouds,
          uniq_pikel
D:7:      layout_gridville, serial_shops, shop
D:8:      minmay_the_grid_octo_2x2 [minmay_the_grid_octo_77,
          minmay_the_grid_octo_clover, minmay_the_grid_octo_checkerflower,
          minmay_the_grid_octo_prize_star], layout_layer_cave,
          nicolae_tso_besieged_by_evil, uniq_maurice, uniq_erica
D:9:      layout_loops_ring, uniq_harold
D:10:     layout_basic, erik_lair_dragon, david_orc_3,
          hangedman_little_slice_of_home
D:11:     layout_roguey, fedhas_altar_2
D:12:     layout_roguey, serial_shops, nicolae_shop_statue_plus,
          nrook_loot_triangle, minivault_5, uniq_azrael

Skill      XL: |  1  2  3  4  5  6  7  8  9 10 11 |
---------------+----------------------------------+-----
Earth Magic    | 3 4 5 6 7 9 10 11 13 | 13.2
Spellcasting   | 2 3 4 5 6 7 8 |  8.9
Shields        | 2 4 5 7 8 |  8.4
Fighting       | 2 |  2.3
Dodging        | |  1.7
Stealth        | |  1.7
Transmutations | |  0.8

Action                   |  1- 3 |  4- 6 |  7- 9 | 10-12 || total
-------------------------+-------+-------+-------+-------++-------
Melee: Hand axe          |   126 |    81 |     6 |       ||   213
       Mace              |    10 |       |       |       ||    10
       Short sword       |       |       |    44 |       ||    44
       Flail             |       |       |   185 |    81 ||   266
       Demon blade       |       |       |       |   278 ||   278
Throw: Stone             |       |       |     1 |     1 ||     2
 Cast: Sandblast         |     9 |    42 |   107 |    55 ||   213
       Stone Arrow       |       |       |     7 |    26 ||    33
       Lee's Rapid Decon |       |       |     6 |    31 ||    37
       Petrify           |       |       |       |     1 ||     1
Evoke: Wand              |       |       |    11 |    15 ||    26
  Use: Scroll            |       |       |     8 |     5 ||    13
 Stab: Sleeping          |     6 |     2 |     1 |     1 ||    10
       Paralysed         |       |       |     6 |     1 ||     7
  Eat: Chunk             |     6 |     4 |    14 |    26 ||    50
       Ration            |       |       |     1 |     2 ||     3
Armor: Robe              |     8 |       |       |       ||     8
       Ring mail         |    41 |    82 |   227 |   258 ||   608
Dodge: Dodged            |   100 |    80 |   204 |   234 ||   618
Block: Buckler           |       |       |    98 |   205 ||   303
       Rpst.: Demon blade |       |       |       |    52 ||    52
